 Dungeon Crawl Stone Soup version 0.27-a0-1090-gb115f176c6 (webtiles) character file.

Game seed: 7787734699082219751

1479 Mgcat the Magician (level 8, -3/60 HPs)
             Began as a Djinni Ice Elementalist on Apr 26, 2021.
             Slain by a wight
             ... wielding a +2 mace
              (9 damage)
             ... on level 5 of the Dungeon on Apr 27, 2021.
             The game lasted 00:14:26 (7243 turns).

Mgcat the Magician (Djinni Ice Elementalist)        Turns: 7243, Time: 00:14:27

Health: -3/60      AC: 10    Str:  7    XL:     8   Next: 79%
Gold:   317        EV: 12    Int: 20    God:
                   SH:  0    Dex: 13

rFire    + + .     SeeInvis .   m - +1 falchion (vorpal)
rCold    x . .     Faith    .   (no shield)
rNeg     . . .     Spirit   .   a - +0 robe
rPois    ∞         Reflect  .   (no helmet)
rElec    .         Harm     .   (no cloak)
rCorr    .         Rampage  .   (no gloves)
Will     .....                  (boots unavailable)
Stlth    ++........             (no amulet)
HPRegen  0.20/turn              (no ring)
MPRegen  0.00/turn              (no ring)

@: ice-armoured, flying
A: fire resistance 2, cold vulnerability 1, float, innate caster, hp casting,
extra vitality 1
a: no special abilities


You were on level 5 of the Dungeon.
You visited 1 branch of the dungeon, and saw 6 of its levels.

You collected 317 gold pieces.

Inventory:

Hand Weapons
 m - a +1 vorpal falchion (weapon)
   (You found it on level 2 of the Dungeon)
Missiles
 q - 3 atropa-tipped darts
Armour
 a - a +0 robe (worn)
 r - the +1 leather armour of Ehiunul {rF++}
   (You found it on level 4 of the Dungeon)

   It greatly protects you from fire.
Magical Staves
 y - a staff of conjuration {!a}
   (You found it on level 6 of the Dungeon)
Jewellery
 t - a ring of resist corrosion
   (You found it on level 5 of the Dungeon)
Wands
 o - a wand of paralysis (4)
   (You took it off a kobold on level 3 of the Dungeon)
 u - a wand of polymorph (3)
   (You found it on level 5 of the Dungeon)
 v - a wand of iceblast (19)
   (You found it on level 4 of the Dungeon)
 w - a wand of acid (5)
   (You found it on level 4 of the Dungeon)
Scrolls
 c - 4 scrolls of identify {unknown}
 d - 3 scrolls of enchant armour {unknown}
 f - 2 scrolls of vulnerability {unknown}
 g - a scroll of teleportation {unknown}
 j - 2 scrolls of noise {unknown}
 n - 4 scrolls of torment {unknown}
 p - a scroll of enchant weapon {unknown}
 s - a scroll of blinking {unknown}
Potions
 b - 3 potions of attraction {unknown}
 e - a potion of degeneration {unknown}
 h - 3 potions of resistance
 i - 4 potions of curing {unknown}
 l - a potion of haste {unknown}
 x - a potion of berserk rage {unknown}


   Skills:
 + Level 5.6 Fighting
 + Level 2.8 Long Blades
 - Level 2.1 Dodging
 - Level 1.5 Stealth
 * Level 7.8 Spellcasting


You had one spell level left.
You knew the following spells:

 Your Spells              Type           Power      Damage    Failure   Level
a - Freeze                Ice            100%       1d11      1%          1
b - Frozen Ramparts       Ice            78%        1d9       1%          3
c - Ozocubu's Armour      Ice            39%        N/A       1%          3
d - Hailstorm             Conj/Ice       39%        3d9       3%          4
e - Metabolic Englaciati  Hex/Ice        19%        N/A       10%         5
f - Pain                  Necr           100%       1d9       1%          1
g - Slow                  Hex            39%        N/A       1%          2
h - Passwall              Tmut/Erth      32%        N/A       1%          2
Your spell library was empty.

Dungeon Overview and Level Annotations

Branches:
Dungeon (6/15)             Temple (0/1) D:6

Altars:
Kikubaaqudgha
Nemelex Xobeh

Annotations:
D:5 exclusions: hornet and two-headed ogre, Grinder


Innate Abilities, Weirdness & Mutations

You are immune to poison.
Your flesh is very heat resistant. (rF++)
You are vulnerable to cold. (rC-)
You float through the air rather than walking.
You learn spells naturally, not from books.
Your magical power is your life essence.
You have superior vitality. (+4 HP)


Message History

Your icy armour will break if you move.
Continue?
Okay, then.
Unknown command.
Okay, then.
Unknown command.
Unknown command.
Spoiler Alert: The wight can drain you in melee!
You feel much better. The wight hits you with a +5 mace!
* * * LOW HITPOINT WARNING * * *
You regained 6 hp, and now have 14/60 hp.
Okay, then.
Unknown command.
Unknown command.
Spoiler Alert: The wight can drain you in melee!
Unknown command.
Press: ? - help, v - describe, . - travel
Here: a wight, wielding a +5 mace and wearing a +0 robe (heavily damaged)
The floor.
Unknown command.
Unknown command.
Spoiler Alert: The wight can drain you in melee!
Unknown command.
Unknown command.
Unknown command.
Okay, then.
Unknown command.
Unknown command.
Spoiler Alert: The wight can drain you in melee!
Aiming: Corrosive Bolt
Press: ? - help, Shift-Dir - straight line, f - wight
Aim: a wight, wielding a +5 mace and wearing a +0 robe (heavily damaged, 71% to hit)
The bolt of acid hits the wight!
The wight is splashed with acid!
You destroy the wight!
Your icy armour cracks and falls away as you move.
Things that are here:
a +5 mace; a +0 robe You start resting.
HP restored.
You regained 37 hp, and now have 51/60 hp.
You start resting.
HP restored.
Health restored: 60
There is a stone staircase leading down here.
Okay, then.
Unknown command.
You fly downwards.
The wight hits you with a +0 falchion. The wight completely misses you.
The wight hits you with a +0 falchion.
There is a stone staircase leading up here.
You take 5 damage, and have 55/60 hp.
Warning x2: The wight can drain you in melee! x2
The wight hits you with a +2 mace! The wight closely misses you.
You riposte.
You closely miss the wight.
You fly upwards.
Level annotation: exclusions: hornet and two-headed ogre, Grinder
There is a stone staircase leading down here.
You take 8 damage, and have 47/60 hp.
Warning x2: The wight can drain you in melee! x2
Unknown command.
Unknown command.
The wight hits you with a +2 mace.
You take 4 damage, and have 43/60 hp.
There is an open door here.
There is an open door here.
Warning x2: The wight can drain you in melee! x2
Casting: Ozocubu's Armour (safe; 1% risk of failure)
Confirm with . or Enter, or press ? or * to list all spells.
A film of ice covers your body! The wight closely misses you.
You take 3 damage, and have 42/60 hp.
You hit the wight but do no damage. The wight hits you with a +2 mace.
You take 4 damage, and have 38/60 hp.
Warning x2: The wight can drain you in melee! x2
You slash the wight!
The wight is heavily damaged.
The wight barely misses you.
You hit the wight but do no damage.
The wight is heavily damaged.
The wight hits you with a +2 mace! x2
You take 15 damage, and have 23/60 hp.
MASSIVE DAMAGE!!
Warning x2: The wight can drain you in melee! x2
You closely miss the wight.
The wight is heavily damaged.
The wight hits you but does no damage.
You barely miss the wight.
The wight is heavily damaged.
The wight hits you with a +2 mace.
You take 4 damage, and have 19/60 hp.
Warning x2: The wight can drain you in melee! x2
You barely miss the wight.
The wight is heavily damaged.
The wight misses you.
You hit the wight but do no damage.
The wight is heavily damaged.
The wight hits you with a +2 mace!
* * * LOW HITPOINT WARNING * * *
You take 13 damage, and have 6/60 hp.
MASSIVE DAMAGE!!
Warning x2: The wight can drain you in melee! x2
You hit the wight.
The wight is severely damaged.
The wight hits you with a +2 mace!
You die...

.####+##..##..##....#...+....'...
..#.......##..##....#...#....#...
..+...........###'#####'#....###.
.##..###..##..##...##.......##.##
.##..###..##..##....#.......#...#
.##...#...###+##....#.......'...#
.#....#...#...#.....#.......#...#
.#....#...#...#.....#.......#...#
.###'####'##'###@##.#.......##'##
.##...........##z##.#########..##
..'.......[...#.z#....# #....#
..#......[>...#..#....# #....#
###...........#'###+### ###'##
.....########.........# #.....
.....# #.........# #..... .....#
#.........# #..... ..)..#
#.....>.>.# #.....


You could see 2 wights.

Vanquished Creatures
  Prince Ribbit (D:5)
  A sky beast (D:5)
  A black bear (D:5)
  An ogre (D:4)
  Blork the orc (D:5)
  2 scorpions
  A water moccasin skeleton (D:4)
  2 wights (D:5)
  3 hounds
  A bullfrog zombie (D:5)
  2 jellies
  2 orc priests
  3 scorpion zombies (D:4)
  3 orc wizards
  An iguana (D:4)
  7 hound zombies (D:4)
  A hound skeleton (D:4)
  3 gnolls
  6 adders
  An adder zombie (D:4)
  A worm (D:3)
  2 dart slugs
  16 orcs
  3 bats
  6 endoplasms
  15 giant cockroaches
  3 hobgoblins
  7 kobolds
  A quokka (D:1)
  3 ball pythons
  2 frilled lizards (D:2)
  7 goblins
  A jackal skeleton (D:4)
  A quokka skeleton (D:4)
  A quokka zombie (D:4)
  5 rats
117 creatures vanquished.

Vanquished Creatures (others)
  A human (D:3)
  9 withered plants (D:4)
10 creatures vanquished.

Grand Total: 127 creatures vanquished

Notes
Turn   | Place    | Note
-------+----------+-------------------------------------------
     0 | D:1      | Mgcat the Djinni Ice Elementalist began the quest for the
                  | Orb.
     0 | D:1      | Reached XP level 1. HP: 15/15 MP: 0/0
   366 | D:1      | HP: 4/16 [dart slug (1)]
   368 | D:1      | Reached XP level 2. HP: 4/22 MP: 0/0
   978 | D:2      | Reached skill level 1 in Fighting
   990 | D:2      | Found a sparkling altar of Nemelex Xobeh.
   998 | D:2      | Reached skill level 4 in Spellcasting
  1172 | D:2      | Reached XP level 3. HP: 26/27 MP: 0/0
  1172 | D:2      | Learned a level 1 spell: Pain
  1815 | D:3      | Found a faded altar of an unknown god.
  1831 | D:3      | Reached XP level 4. HP: 29/33 MP: 0/0
  1963 | D:3      | Reached skill level 2 in Fighting
  2252 | D:3      | Noticed a human
  2256 | D:3      | Killed a human
  2854 | D:4      | Noticed a scorpion
  2861 | D:4      | Killed a scorpion
  2862 | D:4      | Reached skill level 5 in Spellcasting
  2862 | D:4      | Reached XP level 5. HP: 14/39 MP: 0/0
  2862 | D:4      | Learned a level 2 spell: Slow
  3131 | D:4      | Reached skill level 3 in Fighting
  3138 | D:4      | Reached XP level 6. HP: 37/46 MP: 0/0
  4054 | D:4      | Identified the +1 leather armour of Ehiunul {rF++}
  4140 | D:5      | Entered Level 5 of the Dungeon
  4168 | D:5      | Noticed a black bear
  4171 | D:5      | Killed a black bear
  4172 | D:5      | Reached skill level 6 in Spellcasting
  4172 | D:5      | Reached XP level 7. HP: 35/51 MP: 0/0
  4172 | D:5      | Learned a level 2 spell: Passwall
  4284 | D:5      | Noticed a two-headed ogre
  4401 | D:5      | Noticed a hornet
  4763 | D:5      | Reached skill level 4 in Fighting
  5253 | D:4      | Reached skill level 1 in Long Blades
  5253 | D:4      | Reached XP level 8. HP: 38/58 MP: 0/0
  5254 | D:4      | Reached skill level 7 in Spellcasting
  5694 | D:5      | Reached skill level 5 in Fighting
  5743 | D:5      | Noticed Prince Ribbit
  5752 | D:5      | Killed Prince Ribbit
  5753 | D:5      | Reached skill level 2 in Long Blades
  6097 | D:5      | Noticed Grinder
  6187 | D:5      | Noticed Blork the orc
  6196 | D:5      | Killed Blork the orc
  6748 | D:5      | Upgraded the game from 0.27-a0-1084-g78b3836a5f to
                  | 0.27-a0-1090-gb115f176c6
  6808 | D:6      | Found a staircase to the Ecumenical Temple.
  6988 | D:5      | HP: 15/60 [wight/+5 mace (7)]
  7242 | D:5      | HP: 6/60 [wight/+2 mace (14)]
  7243 | D:5      | Slain by a wight

Illustrated notes

Levels and vault maps discovered:
D:1:      lightli_arrival_lavapool, layout_loops_ring
D:2:      minmay_roachtagon, layout_rooms, basic_altar,
          chequers_serial_rivers_small_a, minmay_split_cup_small
D:3:      layout_basic, tgw_kikubaaqudgha, hellmonk_ecumenical_altar_lost_god,
          st_stairs_2, grunt_ministairs_1
D:4:      layout_basic, serial_undead, serial_undead_e, serial_undead_e,
          serial_undead_b, serial_undead_a, serial_undead_e, serial_undead_c
D:5:      layout_gridville, minmay_misc_feat_rugged, uniq_grinder,
          uniq_blork_the_orc, uniq_prince_ribbit1
D:6:      layout_layer_cave, minmay_temple_entry_glass, uniq_duvessa,
          uniq_edmund

Skill      XL: |  1  2  3  4  5  6  7  8 |
---------------+-------------------------+-----
Fighting       | 1 2 3 4 5 |  5.6
Spellcasting   | 4 5 6 7 |  7.8
Long Blades    | 1 2 |  2.8
Dodging        | |  2.1
Stealth        | |  1.5

Action                   |  1- 3 |  4- 6 |  7- 9 || total
-------------------------+-------+-------+-------++-------
Melee: Hand axe          |     4 |       |       ||     4
       Falchion          |     2 |    52 |    92 ||   146
 Cast: Freeze            |    52 |    49 |    42 ||   143
       Frozen Ramparts   |       |     6 |     6 ||    12
       Pain              |       |       |    15 ||    15
       Ozocubu's Armour  |       |       |     9 ||     9
       Hailstorm         |       |       |     3 ||     3
Evoke: Wand              |       |     1 |     1 ||     2
  Use: Potion            |       |     2 |     1 ||     3
 Stab: Paralysed         |       |     8 |       ||     8
Armor: Robe              |    15 |     8 |    29 ||    52
Dodge: Dodged            |    23 |    64 |    79 ||   166
       Rpst.: Falchion   |     3 |    26 |    35 ||    64

Table legend: (Time is in decaauts)
 A = Elapsed time spent in this place.
 B = Non-inter-level travel time spent in this place.
 C = Inter-level travel time spent in this place.
 D = Time resting spent in this place.
 E = Time spent auto-exploring this place.
 F = Levels seen in this place.
 G = Mean time per level.
                   A        B        C        D        E       F      G
               +--------+--------+--------+--------+--------+-----+--------+
         Total |   7289 |   7018 |    271 |   2904 |   3198 |   6 | 1214.8 |
       Dungeon |   7289 |   7018 |    271 |   2904 |   3198 |   6 | 1214.8 |
               +--------+--------+--------+--------+--------+-----+--------+

Top non-repeatable levels by time:
     D:5: 2231 daAuts
     D:4: 1778 daAuts
     D:3: 1472 daAuts
     D:1: 964 daAuts
     D:2: 804 daAuts
     D:6: 37 daAuts

Table legend:
 A = Kills in this place as a percentage of kills in entire the game.
 B = Kills by you in this place as a percentage of kills by you in the entire game.
 C = Kills by friends in this place as a percentage of kills by friends in the entire game.
 D = Other kills in this place as a percentage of other kills in the entire game.
 E = Experience gained in this place as a percentage of experience gained in the entire game.
 F = Experience gained in this place divided by the number of levels of this place that you have seen.
                   A       B       C       D       E      F
               +-------+-------+-------+-------+-------+----------------------
         Total | 100.0 | 100.0 |   N/A |   N/A | 100.0 | 352.3
       Dungeon | 100.0 | 100.0 |   N/A |   N/A | 100.0 | 352.3
               +-------+-------+-------+-------+-------+----------------------
